Map: Pillars of Gold LE

Players

Erik

  • Race: Zerg Zerg
  • Spawn Location: 7:00

Kelazhur - Winner!

  • Race: Terran Terran
  • Spawn Location: 1:00

Event: DreamHack SC2 Masters 2020 Winter

VOD

Have the link to the VOD?

Description

Time

  • Played on: Oct. 23, 2020, 3:16 p.m.
  • Length: 6:43

All games in this series

Show
View Real Time Build Order
Export as new Build Order

Erik Zerg 

Build Orders: Pool First 

Get SALT Encoding   

  12  0:00  Drone  
  13  0:08  Drone  
  14  0:14  Extractor  
  14  0:15  Drone  
  14  0:33  Spawning Pool  
  13  0:36  Drone  
  13  0:42  Extractor  
  13  0:43  Drone  
  15  1:10  Hatchery  
  14  1:20  Metabolic Boost  
  14  1:28  Overlord  
  14  1:35  Extractor  
  14  1:36  Zergling x2  
  15  1:47  Zergling x2  
  15  1:48  Zergling x2  
  15  1:51  Zergling x2  
  18  1:56  Queen  
  20  2:02  Zergling x2  
  21  2:14  Zergling x2  
  22  2:23  Queen  
  22  2:28  Zergling x4  
  26  2:36  Queen  
  28  2:46  Overlord  
  28  2:55  Overlord  
  28  3:04  Drone x3  
  31  3:06  Drone  
  31  3:10  Drone  
  33  3:13  Drone  
  33  3:15  Drone  
  33  3:19  Drone  
  36  3:23  Drone  
  35  3:27  Drone  
  35  3:30  Drone  
  37  3:42  Drone x4  
  41  4:01  Overlord  
  41  4:02  Hatchery  
  40  4:05  Overlord  
  40  4:12  Queen  
  42  4:18  Queen  
  42  4:21  Zergling x2  
  42  4:23  Drone x2  
  47  4:28  Drone x2  
  47  4:30  Drone  
  47  4:32  Drone  
  47  4:34  Drone  
  47  4:36  Drone  
  49  4:40  Drone  
  50  4:49  Overlord  
  50  4:54  Overlord  
  50  5:00  Queen  
  50  5:01  Extractor  
  50  5:02  Extractor  
  50  5:12  Drone x5  
  56  5:14  Drone  
  56  5:15  Queen  
  56  5:18  Drone x2  
  56  5:19  Extractor  
  59  5:27  Zergling x4  
  59  5:28  Zergling x6  
  62  5:33  Zergling x4  
  62  5:34  Zergling x2  
  55  5:38  Zergling x4  
  57  5:43  Queen  
  57  5:49  Zergling x4  
  54  5:50  Zergling x2  
  42  5:58  Zergling x10  
Show
View Real Time Build Order
Export as new Build Order

Kelazhur Terran - Winner!

Build Orders: Reaper Expand 

Get SALT Encoding   

  12  0:00  SCV  
  13  0:12  SCV  
  14  0:17  Supply Depot  
  14  0:24  SCV  
  15  0:39  SCV  
  15  0:40  Barracks  
  16  0:44  Refinery  
  16  0:51  SCV  
  17  1:03  SCV  
  18  1:15  SCV  
  19  1:28  Reaper, Orbital Command  
  20  1:41  Command Center  
  20  1:49  Supply Depot  
  20  1:53  SCV  
  21  2:00  Marine  
  22  2:05  SCV  
  23  2:10  Factory  
  23  2:18  SCV  
  23  2:22  Barracks Reactor  
  24  2:30  SCV  
  25  2:43  SCV  
  25  2:44  Command Center  
  25  2:55  SCV  
  26  3:06  Hellion x2  
  26  3:07  SCV  
  26  3:10  Starport  
  31  3:16  Supply Depot  
  31  3:20  Barracks Tech Lab  
  31  3:37  SCV  
  31  3:38  Hellion x2, Refinery  
  31  3:40  Marauder  
  38  3:49  SCV  
  39  3:56  Viking, Orbital Command  
  39  4:00  Hellion x2  
  45  4:03  Marauder  
  47  4:12  SCV, Supply Depot  
  48  4:20  Orbital Command  
  48  4:22  Concussive Shells  
  48  4:23  Hellion x2  
  52  4:31  Medivac  
  52  4:36  Marauder  
  57  4:41  Supply Depot  
  57  4:47  Hellion  
  57  4:48  Hellion  
  60  4:54  SCV x2  
  62  5:04  Liberator  
  66  5:07  SCV x2  
  66  5:09  Supply Depot  
  67  5:14  Hellion  
  67  5:19  SCV  
  70  5:23  Supply Depot  
  70  5:26  SCV  
  69  5:31  SCV, Hellion  
  72  5:35  Marine  
  72  5:38  SCV  
  76  5:43  SCV  
  75  5:50  SCV  
  75  5:55  SCV  
  75  5:59  Barracks  
  75  6:00  Barracks  
  75  6:02  SCV, Factory Reactor  
  79  6:07  SCV  
  79  6:14  SCV  
  79  6:19  SCV  
  79  6:26  SCV  
  79  6:31  SCV  
Tags
 
Add a new tag
Caveats
  • Supply blocks, unpowered buildings, or Contaminate may cause inaccurate times.
  • Supply counts are checked every 10 seconds.